 Dungeon Crawl Stone Soup version 0.21.1-1-g345015fe64 (webtiles) character file.

244083 gothmog the Warrior (level 18, -8/196 HPs)
             Began as a Minotaur Fighter on Feb 2, 2018.
             Was an Elder of Ru.
             Killed from afar by a starcursed mass (12 damage)
             ... with an accursed screaming
             ... on level 2 of the Abyss on Feb 7, 2018.
             The game lasted 06:55:42 (52106 turns).

gothmog the Warrior (Minotaur Fighter)             Turns: 52106, Time: 06:55:43

Health: -8/196     AC: 22    Str: 31    XL:     18   Next: 72%
Magic:  0/17       EV: 10    Int:  5    God:    Ru [****..]
Gold:   1280       SH:  0    Dex: 16    Spells: 17/17 levels left

rFire    + . .     SeeInvis .   T - +3 great sword "Imp's Death" {slice, rC+ Str+3 Dex+2}
rCold    + . .     Gourm    .   (shield currently unavailable)
rNeg     . . .     Faith    .   I - +3 plate armour {rF+}
rPois    .         Spirit   +   (helmet restricted)
rElec    .         Reflect  .   C - scarf {repulsion}
rCorr    .         Harm     .   g - +0 pair of gloves
MR       +....                  (no boots)
Stlth    ..........             E - amulet of guardian spirit
HPRegen  0.42/turn              w - +3 ring of strength
MPRegen  0.15/turn              a - +2 ring of evasion

@: confused, liquid flames, slowed, glowing, repel missiles, very slow
A: retaliatory headbutt, horns 2, large bone plates 1, robust 1, inability to
use devices, hated by all, inability to train dodging
}: 2/15 runes: decaying, serpentine
a: Sacrifice Resistance, Sacrifice an Eye, Sacrifice Health, Reject Sacrifices,
Draw Out Power, Power Leap, Renounce Religion


You were on level 2 of the Abyss.
You worshipped Ru.
Ru was greatly pleased with you.
You were near starving.

You visited 8 branches of the dungeon, and saw 36 of its levels.
You visited the Abyss 1 time.
You also visited: Sewer and Ice Cave.

You collected 2868 gold pieces.
You spent 1588 gold pieces at shops.

Inventory:

Hand Weapons
 b - a +4 battleaxe of freezing
 y - a +3 antimagic demon whip
 F - a +5 flail of protection
 J - a +0 eveningstar of holy wrath
 L - the +6 rapier of Suof {elec, Int+6}
   (You found it on level 11 of the Dungeon)

   Occasionally, upon striking a foe, it will discharge some electrical energy
   and cause terrible harm.
   It affects your intelligence (+6).
 Q - the +1 halberd of Pokhe {freeze, rF+ rC+}
   (You found it on level 2 of the Swamp)

   It has been specially enchanted to freeze those struck by it, causing extra
   injury to most foes and up to half again as much damage against particularly
   susceptible opponents.
   It can also slow down cold-blooded creatures.
   It protects you from fire.
   It protects you from cold.
 T - the +3 great sword "Imp's Death" (weapon) {slice, rC+ Str+3 Dex+2}
   (You bought it in a shop on level 2 of the Orcish Mines)

   It inflicts extra damage upon your enemies.
   It affects your strength (+3).
   It affects your dexterity (+2).
   It protects you from cold.
Missiles
 e - 804 stones
 S - 6 javelins (quivered)
Armour
 c - a +0 shield
 g - a +0 pair of gloves (worn)
 k - a +3 chain mail of cold resistance
 C - a scarf of repulsion (worn)
 I - a +3 plate armour of fire resistance (worn)
 R - the +0 plate armour of Limited Liability {MR+}
   (You bought it in a shop on level 2 of the Orcish Mines)

   It affects your resistance to hostile enchantments.
Jewellery
 a - a +2 ring of evasion (right hand)
 p - an uncursed ring of see invisible
 r - an uncursed ring of protection from cold
 s - an uncursed ring of poison resistance
 w - a +3 ring of strength (left hand)
 E - an amulet of guardian spirit (around neck)
 M - an uncursed ring of positive energy
Scrolls
 h - 12 scrolls of identify
 j - 3 scrolls of blinking
 m - 7 scrolls of enchant armour
 n - 15 scrolls of remove curse
 t - 3 scrolls of fog
 u - 10 scrolls of teleportation
 v - 2 scrolls of magic mapping
 G - 4 scrolls of fear
 H - 3 scrolls of amnesia
 K - 4 scrolls of enchant weapon
 N - a scroll of acquirement {unknown}
Potions
 d - 3 potions of might
 i - 8 potions of flight
 o - 3 potions of agility
 q - 4 potions of heal wounds
 z - 11 potions of curing
 A - 5 potions of haste
 B - 2 potions of ambrosia {unknown}
 D - 2 potions of berserk rage
 P - 2 potions of invisibility {unknown}
Books
 l - a book of Alchemy

   Spells                             Type                      Level
   a - Sublimation of Blood           Necromancy                   2
   b - Ignite Poison                  Fire/Transmutation/Poison    3
   c - Petrify                        Transmutation/Earth          4
   d - Alistair's Intoxication        Transmutation/Poison         5
   e - Irradiate                      Conjuration/Transmutation    5
 O - a book of Frost

   Spells                             Type                      Level
   a - Freeze                         Ice                          1
   b - Throw Frost                    Conjuration/Ice              2
   c - Ozocubu's Armour               Charms/Ice                   3
   d - Throw Icicle                   Conjuration/Ice              4
   e - Summon Ice Beast               Ice/Summoning                4
Miscellaneous
 x - a sack of spiders
Comestibles
 f - 49 rations


   Skills:
 * Level 20.3 Fighting
 + Level 15.7(16.9) Short Blades
 + Level 12.1(15.9) Long Blades
 + Level 9.9 Maces & Flails
 + Level 3.9 Throwing
 + Level 17.0 Armour
 + Level 4.7 Stealth
 + Level 17.4 Shields


You had 17 spell levels left.
You didn't know any spells.

Dungeon Overview and Level Annotations

Branches:
Dungeon (15/15)            Temple (0/1) D:5            Lair (6/6) D:11
  Swamp (4/4) Lair:3        Snake (4/4) Lair:4        Slime (1/5) Lair:6
    Orc (2/2) D:10            Elf (3/3) Orc:2        Vaults (0/5) D:14
 Depths (1/5) D:15

Altars:
Ashenzari
Fedhas
Gozag
Nemelex Xobeh
Okawaru
Ru
Wu Jian
Zin
The Shining One
Beogh

Shops:
D:12 %   Orc:1 (   Orc:2 %[[(   Snake:3 [   Snake:4 ??%(

Portals:
Trove: D:15 (give 20 scrolls of identify)

Annotations:
Lair:3 exclusion: 2 oklob plants


Innate Abilities, Weirdness & Mutations

You reflexively headbutt those who attack you in melee.
You have a pair of horns on your head.
You cannot study or use magical devices.
You are hated by all.
You cannot train Dodging skill.
You are partially covered in large bone plates. (SH +4)
You are robust. (+10% HP)


Message History

A chorus of shrieks assaults your mind.
* * * LOW HITPOINT WARNING * * *
The starcursed mass engulfs you but does no damage.
You bump into the crystal wall.
The starcursed mass barely misses you. The starcursed mass closely misses you.
The smoke demon hits you but does no damage. x2
The smoke demon closely misses you.
A starcursed mass splits.
You closely miss the smoke demon. You headbutt the smoke demon!
The smoke demon is moderately wounded.
The smoke demon is no longer blind.
The starcursed mass engulfs you but does no damage.
The smoke demon gestures at you. The sticky flame hits you! You resist.
You are covered in liquid flames!
* * * LOW HITPOINT WARNING * * *
You're too confused to move!
You are covered in liquid flames!
* * * LOW HITPOINT WARNING * * *
A chorus of shrieks assaults your mind.
You die...

.# .≈. #.# #.#
... ## #.# #
(##.##.##X##.#
≈....a3@XXX.≈#
.##.##.##G##$#
## ≈# #


XX# # #### # # . .##[ ## You could see 4 starcursed masses, a great orb of eyes,
a smoke demon and a soldier ant shaped shifter.

Vanquished Creatures
  Mara (Snake:3)
  Jorgrun (Swamp:3)
  Rupert (Lair:4)
  2 thorn hunters (Swamp:4)
  Aizul (Swamp:3)
  A frost giant (IceCv)
  7 nagarajas
  A deep elf sorcerer (Elf:1)
  A deep elf annihilator (Elf:2)
  2 deep elf death magi
  2 green deaths (Snake:2)
  A fire dragon (Lair:6)
  The ghost of anp the Archer, a journeyman CeHu of Okawaru (Lair:1)
  Harold (Orc:1)
  11 naga warriors
  Fannar (Orc:1)
  28 hydras
  An ice dragon (Lair:5)
  The ghost of monokles the Martial Artist, a journeyman DsMo of Wu Jian (D:11)
  A rakshasa (D:15)
  4 ghost crabs
  2 catoblepae (Lair:5)
  3 centaur warriors
  3 anacondas
  11 dancing weapons
  5 two-headed ogres
  A tengu warrior (D:15)
  A death yak (IceCv)
  9 alligators
  An orc high priest (Orc:1)
  11 naga sharpshooters
  Nergalle (D:12)
  13 deep elf knights
  6 shock serpents
  7 spriggans
  4 skeletal warriors
  2 salamander mystics
  3 shambling mangroves
  A wizard (D:14)
  12 naga ritualists
  7 swamp dragons
  2 spriggan druids
  A lindwurm (Lair:6)
  Pikel (D:9)
  8 deep elf archers
  13 orc knights
  6 mana vipers
  5 ugly things
  7 salamanders
  31 deep elf magi
  A harpy (shapeshifter) (D:15)
  A cyclops (Orc:1)
  3 orc sorcerers (Orc:1)
  A manticore (D:12)
  16 elephants
  27 black mambas
  26 naga magi
  3 molten gargoyles (Lair:6)
  A torpor snail (Lair:4)
  An efreet (D:14)
  15 spiny frogs
  A rime drake (IceCv)
  A freezing wraith (Abyss:2)
  A yaktaur (D:15)
  2 yaktaurs (shapeshifter) (D:15)
  9 komodo dragons
  A hellwing (Abyss:2)
  2 meliai (D:15)
  7 trolls
  5 tyrant leeches
  A queen bee (shapeshifter) (D:15)
  2 large abominations (Abyss:2)
  20 polar bears
  9 hornets
  18 slime creatures
  24 blink frogs
  14 hippogriffs
  2 bog bodies (Lair:3)
  A meliai zombie (D:12)
  9 shadows
  A water elemental (Elf:2)
  A yak (shapeshifter) (D:15)
  4 wyverns
  75 yaks
  Grum (D:9)
  4 hungry ghosts
  9 basilisks
  4 steam dragons
  18 swamp worms
  7 wargs
  2 vampire mosquitoes (Swamp:4)
  43 nagas
  2 acid dragons
  A soldier ant (D:11)
  4 hell hounds
  12 swamp drakes
  11 water moccasins
  44 orc warriors
  A slave (D:9)
  7 porcupines
  3 ice beasts
  A sky beast (D:5)
  A starcursed mass (Abyss:2)
  3 black bears
  4 phantoms
  7 ogres
  A necrophage (D:13)
  22 wolves
  6 boggarts (D:15)
  7 centaurs
  12 crocodiles
  4 big kobolds
  11 bullfrogs
  A wyvern zombie (D:13)
  2 earth elementals (Elf:1)
  A water moccasin skeleton (D:12)
  2 wyvern skeletons
  A scorpion (D:6)
  3 killer bees (D:9)
  11 wights
  3 electric eels (Lair:3)
  A howler monkey (D:5)
  A bullfrog zombie (D:5)
  2 lava snakes (Lair:6)
  4 crimson imps
  12 jellies
  2 centaur zombies
  3 centaur skeletons
  26 orc priests
  A hound (D:6)
  23 orc wizards
  A bullfrog skeleton (D:5)
  2 gnoll shamans
  An iguana (D:6)
  Natasha (twice) (D:3)
  7 worker ants
  A killer bee zombie (D:9)
  A hound skeleton (D:11)
  A howler monkey zombie (D:9)
  26 adders
  A howler monkey skeleton (D:4)
  10 gnolls
  8 river rats (Sewer)
  2 shadow imps
  10 oozes
  An adder zombie (D:9)
  An adder skeleton (D:4)
  7 worms
  4 dart slugs
  8 leopard geckos
  92 orcs
  9 bats
  8 giant cockroaches
  8 goblins
  6 hobgoblins
  20 jackals
  28 kobolds
  4 quokkas
  2 ball pythons (Sewer)
  5 frilled lizards
  A quokka skeleton (D:10)
  A quokka zombie (D:6)
  19 rats
  A bush (D:6)
  4 fungi
  2 plants
1207 creatures vanquished.

Vanquished Creatures (others)
  A hydra (Swamp:3)
  3 deep elf knights
  2 black mambas
  A freezing wraith (Abyss:2)
  A meliai (D:15)
  A hornet (Swamp:1)
  A blink frog (Swamp:4)
  A spriggan (Swamp:1)
  3 yaks
  2 swamp drakes (Swamp:4)
  2 orc warriors (Orc:2)
  2 centaurs (D:13)
  A bullfrog (D:9)
  An orc priest (Orc:1)
  2 orcs
  A briar patch (Swamp:4)
  4 fungi
  4 plants
33 creatures vanquished.

Grand Total: 1240 creatures vanquished

Notes
Turn   | Place    | Note
-------+----------+-------------------------------------------
     0 | D:1      | gothmog the Minotaur Fighter began the quest for the Orb.
     0 | D:1      | Reached XP level 1. HP: 19/19 MP: 0/0
   121 | D:1      | Reached XP level 2. HP: 26/27 MP: 1/1
   472 | D:1      | Reached skill level 4 in Fighting
   771 | D:2      | Found an ornate altar of the Wu Jian Council.
   802 | D:2      | Reached XP level 3. HP: 31/33 MP: 2/2
  1067 | D:2      | Reached XP level 4. HP: 40/40 MP: 3/3
  1327 | D:2      | Reached skill level 1 in Dodging
  1541 | D:3      | Found an iron altar of Okawaru.
  1590 | D:3      | Reached XP level 5. HP: 45/46 MP: 4/4
  1963 | D:3      | Noticed Natasha
  1974 | D:3      | Killed Natasha
  1974 | D:3      | Reached skill level 5 in Long Blades
  2124 | D:3      | Noticed Natasha
  2137 | D:3      | Killed Natasha
  2435 | D:4      | Reached XP level 6. HP: 53/53 MP: 5/5
  2895 | D:4      | Reached skill level 5 in Armour
  3078 | D:5      | Entered Level 5 of the Dungeon
  3211 | D:5      | Found a shattered altar of Ashenzari.
  3212 | D:5      | Found a sacrificial altar of Ru.
  3212 | D:5      | Noticed a sky beast
  3228 | D:5      | Killed a sky beast
  3228 | D:5      | Reached XP level 7. HP: 60/60 MP: 6/6
  3257 | D:5      | Became a worshipper of Ru the Awakened
  3422 | D:5      | Found a glowing drain.
  3470 | Sewer    | Entered a sewer
  3496 | Sewer    | Reached skill level 5 in Shields
  3781 | Sewer    | Reached skill level 5 in Fighting
  4315 | D:5      | Reached XP level 8. HP: 66/69 MP: 7/7
  4323 | D:5      | Found a staircase to the Ecumenical Temple.
  4884 | D:6      | Found a glowing silver altar of Zin.
  4943 | D:6      | Reached skill level 6 in Fighting
  5071 | D:6      | Found an opulent altar of Gozag.
  5071 | D:6      | Found a glowing golden altar of the Shining One.
  5071 | D:6      | Found an ornate altar of the Wu Jian Council.
  5169 | D:6      | Found a shattered altar of Ashenzari.
  5391 | D:6      | Found a sacrificial altar of Ru.
  5585 | D:6      | Reached skill level 1 in Maces & Flails
  5748 | D:7      | Noticed a hippogriff
  5760 | D:7      | Killed a hippogriff
  6175 | D:7      | Reached XP level 9. HP: 72/78 MP: 5/8
  6191 | D:7      | Reached skill level 7 in Fighting
  6252 | D:7      | You fall through a shaft for 2 floors!
  6412 | D:9      | Noticed Grum
  6421 | D:9      | Reached skill level 5 in Maces & Flails
  6446 | D:9      | Killed Grum
  6772 | D:9      | Noticed Pikel
  6796 | D:9      | Killed Pikel
  6809 | D:9      | Got a bloodstained hunting sling
  7208 | D:9      | Noticed a purple ugly thing
  7222 | D:9      | Killed a purple ugly thing
  7222 | D:9      | Reached XP level 10. HP: 77/88 MP: 7/9
  7323 | D:9      | Found a sparkling altar of Nemelex Xobeh.
  7883 | D:9      | Reached skill level 8 in Fighting
  8094 | D:10     | Entered Level 10 of the Dungeon
  8368 | D:10     | HP: 4/88 [steam dragon/ball of steam (6)]
  8390 | D:10     | HP: 1/88 [wyvern (8)]
  9132 | D:10     | Reached skill level 1 in Stealth
  9267 | D:10     | Found a staircase to the Orcish Mines.
 10399 | D:10     | Found a roughly hewn altar of Beogh.
 10711 | D:11     | Got a smoking rapier
 10712 | D:11     | Identified the +6 rapier of Suof {elec, Int+6} (You found it on level 11 of the Dungeon)
 10769 | D:11     | Reached XP level 11. HP: 76/95 MP: 8/10
 11000 | D:11     | Gained mutation: You cannot study or use magical devices. [Ru sacrifice]
 11000 | D:11     | Reached * piety under Ru
 11000 | D:11     | Reached ** piety under Ru
 11159 | D:11     | Reached skill level 1 in Short Blades
 11245 | D:11     | Found a staircase to the Lair.
 11574 | D:11     | Noticed monokles's ghost (journeyman DsMo)
 11593 | D:11     | Killed monokles's ghost
 11593 | D:11     | Reached skill level 5 in Dodging
 12054 | D:11     | Reached skill level 1 in Throwing
 12062 | D:11     | Noticed a two-headed ogre
 12071 | D:11     | Killed a two-headed ogre
 12071 | D:11     | Reached skill level 9 in Fighting
 12086 | D:11     | Found a roughly hewn altar of Beogh.
 12095 | D:11     | Reached skill level 10 in Armour
 12266 | Lair:1   | Entered Level 1 of the Lair of Beasts
 12275 | Lair:1   | Reached skill level 5 in Short Blades
 12306 | D:12     | Identified the Catalogue of the Supportive Glacier
 12382 | D:12     | Found Textiski's Food Emporium.
 12385 | D:12     | Gained mutation: You are partially covered in large bone plates. (SH +4) [potion of mutation]
 12385 | D:12     | Gained mutation: You are robust. (+10% HP) [potion of mutation]
 12540 | D:12     | Noticed a skeletal warrior
 12540 | D:12     | Noticed a skeletal warrior
 12540 | D:12     | Noticed a skeletal warrior
 12541 | D:12     | Noticed Nergalle
 12541 | D:12     | Noticed a skeletal warrior
 12550 | D:12     | Killed a skeletal warrior
 12590 | D:12     | Killed a skeletal warrior
 12948 | D:11     | Killed a skeletal warrior
 13105 | D:11     | Killed a skeletal warrior
 13105 | D:11     | Reached skill level 10 in Shields
 13120 | D:12     | Killed Nergalle
 13555 | D:12     | Reached XP level 12. HP: 89/116 MP: 9/11
 14191 | D:13     | Gained mutation: You cannot train Dodging skill. [Ru sacrifice]
 14191 | D:13     | Reached *** piety under Ru
 14924 | D:13     | Noticed a centaur warrior
 14949 | D:13     | Killed a centaur warrior
 14951 | D:13     | Reached skill level 10 in Fighting
 15282 | D:13     | Got a translucent broad axe
 15283 | D:13     | Identified the +6 broad axe of the Lame Duck {vamp, rF- Str+5 Int-4} (You found it on level 13 of the Dungeon)
 15847 | D:14     | Noticed a centaur warrior
 15853 | D:14     | Killed a centaur warrior
 16205 | D:14     | Found a gate to the Vaults.
 16258 | D:14     | Noticed a centaur warrior
 16265 | D:14     | Killed a centaur warrior
 16435 | D:15     | Entered Level 15 of the Dungeon
 16631 | D:15     | Reached skill level 11 in Fighting
 16827 | D:15     | Noticed a tengu warrior
 16839 | D:15     | Killed a tengu warrior
 16981 | D:15     | Noticed a rakshasa
 17018 | D:15     | Reached skill level 10 in Short Blades
 17018 | D:15     | Reached XP level 13. HP: 66/127 MP: 9/12
 17204 | D:15     | Found a staircase to the Depths.
 17212 | Depths:1 | Entered Level 1 of the Depths
 17725 | D:15     | Found a portal to a secret trove of treasure.
 18257 | D:15     | Reached skill level 12 in Fighting
 18821 | Lair:1   | Noticed anp's ghost (journeyman CeHu)
 18844 | Lair:1   | Killed anp's ghost
 20213 | Lair:3   | Found a staircase to the Swamp.
 20863 | Lair:4   | Noticed Rupert
 21047 | Lair:4   | Paralysed by Rupert for 7 turns
 21065 | Lair:4   | Killed Rupert
 21065 | Lair:4   | Reached XP level 14. HP: 91/139 MP: 7/13
 21357 | Lair:4   | Reached skill level 13 in Fighting
 21400 | Lair:4   | Found a staircase to the Snake Pit.
 22299 | Lair:5   | Found a frozen archway.
 22347 | IceCv    | Entered an ice cave
 23077 | IceCv    | Noticed a frost giant
 23117 | IceCv    | Killed a frost giant
 23117 | IceCv    | Reached skill level 14 in Fighting
 23822 | Lair:6   | Entered Level 6 of the Lair of Beasts
 24258 | Lair:6   | Reached XP level 15. HP: 137/152 MP: 12/14
 25300 | Lair:6   | Found a staircase to the Slime Pits.
 25569 | Lair:6   | Found a large runed door.
 25886 | Lair:6   | Found a large runed door.
 26389 | Snake:1  | Entered Level 1 of the Snake Pit
 26395 | Snake:1  | Reached skill level 15 in Fighting
 27707 | Snake:2  | Found a blossoming altar of Fedhas.
 28253 | Snake:2  | Reached skill level 15 in Shields
 28465 | Snake:2  | Noticed a nagaraja
 28482 | Snake:2  | Killed a nagaraja
 28631 | Snake:2  | Found a runed door.
 30262 | Snake:3  | Reached XP level 16. HP: 84/166 MP: 1/15
 30328 | Snake:3  | Reached skill level 16 in Fighting
 30684 | Snake:3  | Found Igyad's Armour Shop.
 31263 | Snake:4  | Entered Level 4 of the Snake Pit
 31274 | Snake:4  | Found Rajiecwel's Food Boutique.
 31276 | Snake:4  | Found Houj's Magic Scroll Boutique.
 31276 | Snake:4  | Found Jios's Weapon Boutique.
 31281 | Snake:4  | Found Viytel's Magic Scroll Boutique.
 32246 | Snake:4  | Noticed Mara
 32264 | Snake:4  | Noticed gothmog's illusion
 32318 | Snake:3  | Noticed gothmog's illusion
 32325 | Snake:3  | Killed Mara
 33188 | Snake:4  | Reached skill level 17 in Fighting
 33243 | Snake:4  | HP: 4/170 [nagaraja/orb of energy (38)]
 33248 | Snake:4  | HP: 3/170 [poisoned by a nagaraja (splash of poison)]
 33254 | Snake:4  | HP: 3/170 [poisoned by a nagaraja (splash of poison)]
 33262 | Snake:4  | HP: 4/170 [poisoned by a nagaraja (splash of poison)]
 33711 | Snake:4  | Reached skill level 15 in Armour
 34345 | Snake:4  | Reached skill level 15 in Short Blades
 35231 | Snake:4  | Reached XP level 17. HP: 149/178 MP: 14/16
 35357 | Snake:4  | Got a serpentine rune of Zot
 35772 | Slime:1  | Entered Level 1 of the Pits of Slime
 35772 | Slime:1  | Noticed an acid blob
 36179 | Swamp:1  | Entered Level 1 of the Swamp
 37620 | Swamp:2  | Got a translucent halberd
 37626 | Swamp:2  | Identified the cursed +1 halberd of Pokhe {freeze, rF+ rC+} (You found it on level 2 of the Swamp)
 37786 | Swamp:2  | Reached skill level 18 in Fighting
 38626 | Swamp:3  | Noticed Jorgrun
 39347 | Swamp:3  | Killed Jorgrun
 39367 | Swamp:3  | Noticed Aizul
 39403 | Swamp:3  | Killed Aizul
 40050 | Swamp:4  | Entered Level 4 of the Swamp
 42528 | Swamp:4  | Reached skill level 19 in Fighting
 42779 | Swamp:4  | Got a decaying rune of Zot
 44270 | Lair:4   | Upgraded the game from 0.21.1 to 0.21.1-1-g345015fe64
 44387 | Orc:1    | Entered Level 1 of the Orcish Mines
 45427 | Orc:1    | Reached XP level 18. HP: 163/193 MP: 17/17
 45442 | Orc:1    | Found a roughly hewn altar of Beogh.
 45471 | Orc:1    | Noticed Fannar
 45500 | Orc:1    | Paralysed by an orc sorcerer for 3 turns
 45756 | Orc:1    | Killed Fannar
 45859 | Orc:2    | Entered Level 2 of the Orcish Mines
 45976 | Orc:2    | Found a staircase to the Elven Halls.
 46833 | Orc:2    | Found Tuyputoi's Armour Boutique.
 46833 | Orc:2    | Found Huzohets's Weapon Emporium.
 46847 | Orc:2    | Found a roughly hewn altar of Beogh.
 46947 | Orc:2    | Bought the cursed +3 great sword "Imp's Death" {slice, rC+ Str+3 Dex+2} for 508 gold pieces
 47163 | Orc:2    | Found Paivisiq's Food Boutique.
 47163 | Orc:2    | Found Haoberig's Antique Armour Emporium.
 47240 | Orc:2    | Gained mutation: You are hated by all. [Ru sacrifice]
 47240 | Orc:2    | Reached **** piety under Ru
 47267 | Orc:2    | Bought a faintly glowing plate armour for 560 gold pieces
 47278 | Orc:2    | Identified the cursed +0 plate armour of Limited Liability {MR+} (You bought it in a shop on level 2 of the Orcish Mines)
 47280 | Orc:2    | Bought a runed plate armour for 520 gold pieces
 47417 | Orc:1    | Noticed Harold
 47427 | Orc:1    | Found a roughly hewn altar of Beogh.
 47429 | Orc:1    | Killed Harold
 47762 | Orc:1    | Found Irext's Weapon Emporium.
 48032 | Elf:1    | Entered Level 1 of the Elven Halls
 48889 | Elf:1    | Reached skill level 10 in Long Blades
 49070 | Elf:1    | Reached skill level 20 in Fighting
 50476 | Elf:2    | Found a runed gate.
 50479 | Elf:2    | Found a runed gate.
 50485 | Elf:2    | Found a runed gate.
 51619 | Elf:3    | Entered Level 3 of the Elven Halls
 52068 | Elf:2    | Cast into level 2 of the Abyss (scimitar of distortion)
 52103 | Abyss:2  | HP: 8/196 [starcursed mass/accursed screaming (8)]
 52106 | Abyss:2  | HP: 3/196 [burnt (2)]
 52106 | Abyss:2  | Killed from afar by a starcursed mass

Skill      XL: |  1  2  3  4  5  6  7  8  9 10 11 12 13 14 15 16 17 18 |
---------------+-------------------------------------------------------+-----
Shields        | 4 5 6 8 9 10 11 12 13 15 16 17 | 17.4
Fighting       | 4 5 6 7 8 9 11 12 14 15 17 19 20 | 20.3
Long Blades    | 3 4 5 6 7 9 12 | 12.1
Armour         | 4 5 6 8 9 10 11 12 13 14 15 16 17 | 17.0
Dodging        | 1 2 3 4 5 0 |  0.0
Maces & Flails | 3 7 9 |  9.9
Stealth        | 1 2 3 4 |  4.7
Short Blades   | 7 10 11 13 14 15 | 15.7
Throwing       | 1 2 3 |  3.9

Action                   |  1- 3 |  4- 6 |  7- 9 | 10-12 | 13-15 | 16-18 || total
-------------------------+-------+-------+-------+-------+-------+-------++-------
Melee: Long sword        |    69 |   185 |   203 |       |       |       ||   457
       Headbutt          |    17 |    28 |    84 |   147 |   375 |   528 ||  1179
       Flail             |       |       |   187 |   227 |       |       ||   414
       Rapier            |       |       |       |   538 |  1427 |  1545 ||  3510
       Great sword       |       |       |       |       |       |   421 ||   421
Throw: Stone             |     1 |     7 |     5 |     3 |       |     9 ||    25
       Javelin           |       |       |       |    24 |    27 |    34 ||    85
Invok: Sacrifice Artific |       |       |       |     1 |       |       ||     1
       Draw Out Power    |       |       |       |     1 |     1 |       ||     2
       Sacrifice Nimblen |       |       |       |     1 |       |       ||     1
       Reject Sacrifices |       |       |       |     1 |       |       ||     1
       Sacrifice Love    |       |       |       |       |       |     1 ||     1
  Use: Scroll            |       |       |     1 |    18 |    10 |    10 ||    39
       Potion            |       |       |       |     8 |    11 |     4 ||    23
 Stab: Distracted        |       |       |       |     3 |     5 |     7 ||    15
       Invisible         |       |       |       |     1 |     4 |     9 ||    14
       Petrified         |       |       |       |       |     1 |       ||     1
  Eat: Chunk             |     1 |     6 |    14 |    26 |    25 |    28 ||   100
       Ration            |       |       |       |     3 |     5 |    12 ||    20
Armor: Scale mail        |    30 |    68 |   132 |   157 |       |       ||   387
       Plate armour      |       |       |       |    22 |    39 |   159 ||   220
       Chain mail        |       |       |       |       |   245 |   517 ||   762
Dodge: Dodged            |    23 |    58 |   140 |   188 |   206 |   508 ||  1123
       Deflected         |       |       |     3 |     6 |    26 |    61 ||    96
Block: Shield            |    34 |    76 |   216 |   387 |   710 |   364 ||  1787
       Other             |       |       |       |       |       |   168 ||   168
       Rpst.: Long sword |     5 |    15 |    19 |       |       |       ||    39
       Great sword       |       |       |       |       |       |    16 ||    16
